 Dungeon Crawl Stone Soup version 0.31-a0-549-gf98fd537a9 (webtiles) character file.

Game seed: 1128987804983856921

185 AdnanSaban the Trooper (level 5, -4/33 HPs)
             Began as a Gargoyle Fighter on Aug 16, 2023.
             Slain by Sigmund
             ... wielding a +0 scythe
              (6 damage)
             ... on level 2 of the Dungeon.
             The game lasted 00:03:15 (3362 turns).

AdnanSaban the Trooper (Gargoyle Fighter)           Turns: 3362, Time: 00:03:16

Health: -4/33      AC: 12    Str: 21    XL:     5   Next: 64%
Magic:  5/5        EV:  9    Int:  9    God:
Gold:   194        SH:  0    Dex:  9    Spells: 4/4 levels left

rFire   + . .        a - +0 flail
rCold   + . .        c - +0 buckler
rNeg    + . .        b - +0 scale mail
rPois   ∞            (no helmet)
rElec   +            n - scarf {rC+ rF+}
rCorr   .            B - +0 pair of gloves
SInv    .            (no boots)
Will    .....        (no amulet) Stlth
                     (no ring)
HPRegen 0.25/turn    (no ring)
MPRegen 0.09/turn

%: no passive effects
@: confused
A: sickness immunity, AC +4, negative energy resistance 1, electricity
resistance, torment resistance 1, petrification resistance
a: no special abilities


You were on level 2 of the Dungeon.
You visited 1 branch of the dungeon, and saw 4 of its levels.

You collected 194 gold pieces.

Inventory:

Hand Weapons
 a - a +0 flail (weapon)
 z - a +0 morningstar
Missiles
 l - 4 boomerangs
 p - 5 javelins
 A - 2 poisoned darts (quivered)
Armour
 b - a +0 scale mail (worn)
 c - a +0 buckler (worn)
 n - a scarf of resistance (worn)
 B - a +0 pair of gloves (worn)
Jewellery
 e - a ring of flight
 f - a ring of protection from cold
 o - a ring of fire
Scrolls
 g - a scroll of brand weapon {unknown}
 h - a scroll of vulnerability {unknown}
 i - a scroll of silence {unknown}
 j - a scroll of torment {unknown}
 k - 2 scrolls of identify {unknown}
 m - a scroll of poison {unknown}
 r - a scroll of revelation {unknown}
 w - a scroll of enchant armour {unknown}
 y - a scroll of fear {unknown}
 C - a scroll of butterflies {unknown}
Potions
 d - a potion of might
 q - 2 potions of magic {unknown}
 s - a potion of cancellation {unknown}
 t - a potion of curing {unknown}
 u - a potion of mutation {unknown}
 v - a potion of resistance {unknown}
 x - a potion of haste {unknown}


   Skills:
 + Level 4.2 Fighting
 + Level 3.8 Maces & Flails
 + Level 4.1 Armour
 + Level 0.5 Dodging
 + Level 0.8 Stealth
 + Level 3.9 Shields


You had 4 spell levels left.
You didn't know any spells.
Your spell library contained the following spells:

 Spells                   Type           Power      Damage    Failure   Level
 Sting                    Tmut/Pois      0%         1d3       78%         1
 Lesser Beckoning         Tloc           0%         N/A       89%         2
 Poisonous Vapours        Pois/Air       0%         N/A       89%         2
 Gell's Gravitas          Tloc           0%         N/A       98%         3
 Teleport Other           Tloc           0%         N/A       98%         3
 Olgreb's Toxic Radiance  Pois           0%         N/A       100%        4


Dungeon Overview and Level Annotations

Branches:
Dungeon (4/15)
 Temple: D:4-7

Altars:
Makhleb
Zin

Annotations:
D:2 Sigmund


Innate Abilities, Weirdness & Mutations

You are immune to sickness and miasma.
Your stone body is resilient. (AC +4)
You are immune to poison.
You resist negative energy. (rN+)
You are resistant to electric shocks. (rElec)
You are resistant to unholy torment.
You are immune to petrification.


Message History

Something hits you.
You barely miss something. You sock something!
You hear some strange, mumbled words.
A puff of flame appears from out of thin air!
You block the puff of flame. Something hits you but does no damage.
You closely miss something. You closely miss something. Something hits you.
You closely miss something. Something hits you but does no damage.
You closely miss something. Something hits you but does no damage.
You closely miss something.
Sigmund appears from thin air!
Reactivating autopickup.
Sigmund hits you with a +0 scythe.
You hit Sigmund but do no damage.
Sigmund is severely wounded.
Sigmund casts a spell.
Sigmund flickers and vanishes!
Deactivating autopickup; reactivate with Ctrl-A.
You closely miss something. Something hits you.
You hit something. You closely miss something. Something hits you.
You barely miss something. Something hits you but does no damage.
You hit something.
You hear some strange, mumbled words.
A puff of flame appears from out of thin air!
The puff of flame hits you but does no damage.
You miss something. Something hits you.
You barely miss something. Something hits you but does no damage.
You miss something.
You hear some strange, mumbled words.
You are confused.
You completely miss something. Something hits you! Something hits you.
* * * LOW HITPOINT WARNING * * *
You closely miss something. Something hits you.
* * * LOW HITPOINT WARNING * * *
You bump into the rock wall.
Something hits you.
* * * LOW HITPOINT WARNING * * *
You miss something. Something hits you.
You die...

######.....###.#.##### #........
....##.......#.#...# #........
...........#.#.###.# ##.......
.......#...#.#.###.#######.######
.......#.#.#.#.....<.......#
####.#.#.#.#.##........###.#
#...#.#.#.##.[......# #.#
#####.#.#.##........###### ##
##......#(..{@...........# #.
#.......#######.########.# #.
#...............####..@..# #.
#......##########....†.### #.
##......# ##...####.# #.
#....<.## ##..###....# ##
##....#.# #..##...#..# #.....#.#
##@##....#.## #....##.#
#..#....##.#


There were no monsters in sight!

Vanquished Creatures
  An orc priest (D:4)
  Terence (D:3)
  5 adders
  A worm (D:2)
  2 dart slugs
  2 orcs (D:4)
  9 ball pythons
  4 bats
  2 endoplasms
  10 hobgoblins
  2 jackals (D:1)
  11 kobolds
  4 quokkas
  2 frilled lizards
  10 goblins
  12 rats
78 creatures vanquished.

Notes
Turn   | Place    | Note
-------+----------+-------------------------------------------
     0 | D:1      | AdnanSaban the Gargoyle Fighter began the quest for the
                  | Orb.
     0 | D:1      | Reached XP level 1. HP: 14/14 MP: 1/1
    82 | D:1      | Reached XP level 2. HP: 19/19 MP: 2/2
   184 | D:1      | Found Utygast's General Store.
   284 | D:1      | Reached XP level 3. HP: 23/23 MP: 3/3
   855 | D:2      | Reached XP level 4. HP: 26/29 MP: 4/4
   883 | D:2      | Noticed Sigmund
  1455 | D:3      | Noticed Terence
  1460 | D:3      | Killed Terence
  1790 | D:3      | Found a burning altar of Makhleb.
  1795 | D:3      | Noticed a green death
  1797 | D:3      | Found a glowing silver altar of Zin.
  1798 | D:3      | Noticed an angel
  2435 | D:4      | Reached XP level 5. HP: 12/33 MP: 5/5
  3361 | D:2      | HP: 1/33 [something (1)]
  3362 | D:2      | Slain by Sigmund

Illustrated notes

Levels and vault maps discovered:
D:1:      nicolae_arrival_memento_mori, layout_rooms, serial_shops,
          nicolae_shop_crystal, minmay_rat_gold_closets
D:2:      minmay_evil_eye, layout_basic, uniq_sigmund
D:3:      layout_basic, grunt_temple_overflow_order_and_chaos_2, uniq_terence
D:4:      cheibrodos_greedy_goblins, layout_gridville, minmay_misc_feat_plants

Skill      XL: |  1  2  3  4 |
---------------+-------------+-----
Maces & Flails | 3 |  3.8
Fighting       | 4 |  4.2
Armour         | 4 |  4.1
Dodging        | |  0.5
Stealth        | |  0.8
Shields        | |  3.9

Action                     |  1- 3 |  4- 6 || total
---------------------------+-------+-------++-------
  Melee: Flail             |   124 |   141 ||   265
  Throw: Dart              |       |     2 ||     2
 Armour: Scale mail        |    86 |    74 ||   160
  Dodge: Dodged            |    54 |    65 ||   119
  Block: Buckler           |    31 |    33 ||    64

Table legend: (Time is in decaauts)
 A = Elapsed time spent in this place.
 B = Non-inter-level travel time spent in this place.
 C = Inter-level travel time spent in this place.
 D = Time resting spent in this place.
 E = Time spent auto-exploring this place.
 F = Levels seen in this place.
 G = Mean time per level.
                   A        B        C        D        E       F      G
               +--------+--------+--------+--------+--------+-----+--------+
         Total |   3437 |   3258 |    179 |      0 |   2571 |   4 |  859.2 |
       Dungeon |   3437 |   3258 |    179 |      0 |   2571 |   4 |  859.2 |
               +--------+--------+--------+--------+--------+-----+--------+

Top non-repeatable levels by time:
     D:3: 1177 daAuts
     D:4: 868 daAuts
     D:2: 804 daAuts
     D:1: 587 daAuts
